Map: Frozen Temple

Players

FireCake - Winner!

  • Race: Zerg Zerg
  • League: Grandmaster

Miszu

  • Race: Terran Terran
  • League: Master

VOD

Have the link to the VOD?

Description

Time

  • Played on: April 19, 2016, 11:53 a.m.
  • Length: 13:40
Show
View Real Time Build Order
Export as new Build Order

FireCake Zerg - Winner!

Build Orders: Hatch First 

Get SALT Encoding   

  12  0:01  Drone  
  13  0:10  Drone  
  14  0:18  Overlord  
  14  0:24  Extractor  
  14  0:25  Drone  
  15  0:36  Drone x2  
  17  0:51  Hatchery  
  17  0:56  Drone  
  17  0:59  Drone  
  18  1:10  Extractor  
  17  1:14  Spawning Pool  
  17  1:16  Drone  
  17  1:19  Drone  
  18  1:29  Drone  
  19  1:39  Overlord  
  19  2:02  Zergling x4, Queen  
  19  2:04  Queen  
  19  2:06  Drone  
  26  2:10  Metabolic Boost, Drone  
  26  2:15  Drone  
  28  2:20  Drone  
  29  2:24  Evolution Chamber  
  29  2:29  Drone  
  30  2:31  Drone  
  31  2:39  Overlord  
  31  2:41  Queen  
  33  2:47  Drone x2  
  35  2:53  Pneumatized Carapace  
  35  2:55  Drone  
  36  3:01  Drone  
  36  3:04  Overlord  
  37  3:12  Drone x4  
  41  3:14  Drone x3  
  44  3:24  Drone x2  
  46  3:30  Hatchery  
  45  3:39  Extractor  
  45  3:40  Queen  
  46  3:41  Queen  
  46  3:46  Drone x3  
  51  3:52  Drone  
  52  3:56  Overlord  
  52  3:57  Overlord  
  52  4:01  Evolution Chamber  
  52  4:02  Drone  
  52  4:04  Evolution Chamber  
  52  4:06  Drone  
  52  4:16  Drone x5  
  57  4:25  Drone  
  57  4:26  Drone x4  
  57  4:27  Overlord  
  57  4:30  Zerg Ground Armor Level 1  
  62  4:32  Zerg Missile Weapons Level 1  
  62  4:38  Roach Warren  
  62  4:40  Zergling x4  
  63  4:51  Extractor  
  62  4:54  Overlord  
  62  4:55  Overlord  
  62  5:02  Drone  
  62  5:03  Drone x7  
  70  5:07  Overlord  
  70  5:08  Overlord  
  70  5:14  Spore Crawler  
  69  5:18  Spore Crawler  
  69  5:21  Drone x4  
  68  5:28  Lair  
  71  5:29  Roach  
  71  5:30  Roach x4  
  71  5:31  Drone x2  
  71  5:32  Drone x2  
  85  5:39  Overlord  
  85  5:40  Extractor  
  85  5:41  Extractor  
  85  5:42  Roach x2  
  86  5:51  Drone  
  86  5:52  Drone x2  
  86  5:55  Drone  
  90  5:57  Extractor  
  90  5:58  Drone x3  
  90  6:00  Roach x3  
  90  6:01  Drone x3  
  101  6:10  Drone  
  102  6:16  Roach x4  
  110  6:27  Zerg Ground Armor Level 2  
  110  6:30  Hatchery  
  110  6:32  Zerg Melee Weapons Level 1  
  109  6:37  Glial Reconstitution  
  109  6:38  Infestation Pit  
  112  6:40  Zergling x16, Roach x3  
  122  6:48  Overlord x2  
  109  7:06  Overlord x5  
  109  7:15  Spore Crawler, Hatchery  
  107  7:17  Infestor x4  
  107  7:19  Hive  
  107  7:22  Zergling x14  
  122  7:38  Zergling x8  
  122  7:39  Zergling x16  
  134  7:55  Zergling x2  
  134  7:56  Zergling x10  
  136  8:12  Zergling x6  
  139  8:15  Ravager x4  
  139  8:16  Ravager x3  
  146  8:27  Extractor x2, Zerg Melee Weapons Level 2  
  146  8:31  Adrenal Glands, Ultralisk Cavern  
  146  8:32  Zergling x10  
  146  8:33  Zergling x16  
  156  8:45  Zerg Ground Armor Level 3  
  156  8:47  Drone  
  156  8:48  Drone x3  
  157  9:10  Zergling x24  
  169  9:19  Baneling Nest, Chitinous Plating  
  169  9:21  Overlord x2  
  169  9:22  Overlord x2  
  169  9:23  Ultralisk x2  
  180  9:25  Zergling x8  
  183  9:40  Ultralisk  
  183  9:41  Ultralisk  
  195  9:56  Ultralisk  
  195  9:57  Zergling x8  
  199  10:05  Zergling x2  
  199  10:06  Zergling x6  
  176  10:19  Ultralisk x2  
  137  10:21  Zergling x2, Ultralisk  
  137  10:22  Zergling x2  
  130  10:41  Zergling x16, Ultralisk  
  125  10:48  Ultralisk  
  125  10:49  Zergling x2  
  105  10:58  Zergling x6, Ultralisk  
  108  11:09  Zergling x10  
  100  11:12  Drone  
  100  11:13  Drone  
  102  11:19  Drone x2  
  104  11:29  Drone x6  
  104  11:30  Drone  
  111  11:34  Infestor  
  111  11:35  Infestor  
  113  11:48  Infestor x2  
  110  12:00  Drone x7  
  116  12:07  Extractor  
  115  12:15  Extractor  
  114  12:16  Extractor  
  114  12:18  Ultralisk Cavern  
  112  12:24  Queen x4  
  120  12:30  Hatchery  
  119  12:41  Viper, Spore Crawler  
  121  12:46  Viper  
  121  12:48  Drone  
  121  12:49  Drone x5  
  130  12:59  Spire  
  129  13:18  Overseer  
  129  13:21  Zergling x6  
  129  13:22  Zergling x14  
Show
View Real Time Build Order
Export as new Build Order

Miszu Terran 

Build Orders: Reaper Expand, MMM Bio 

Get SALT Encoding   

  12  0:01  SCV  
  13  0:13  SCV  
  14  0:18  Supply Depot  
  14  0:25  SCV  
  15  0:39  SCV  
  15  0:41  Barracks  
  16  0:44  Refinery  
  16  0:51  SCV  
  17  1:04  SCV  
  18  1:16  SCV  
  19  1:28  Reaper, Orbital Command  
  20  1:41  Command Center  
  20  1:49  Supply Depot  
  20  1:53  SCV  
  21  2:00  Marine  
  22  2:05  SCV  
  23  2:13  Factory  
  23  2:17  SCV  
  24  2:29  Barracks Reactor  
  25  2:30  SCV  
  25  2:40  Command Center  
  25  2:42  SCV  
  26  2:53  Orbital Command  
  26  2:54  SCV  
  27  3:03  Barracks  
  27  3:06  SCV  
  27  3:11  Barracks Tech Lab  
  28  3:15  Hellion  
  28  3:16  Hellion  
  28  3:19  SCV  
  33  3:20  SCV  
  34  3:29  Stimpack  
  34  3:31  SCV  
  34  3:33  Refinery, SCV  
  36  3:43  SCV  
  36  3:44  Marine  
  36  3:45  SCV  
  36  3:47  Factory Reactor  
  39  3:51  Barracks  
  39  3:53  Orbital Command  
  39  3:55  SCV  
  40  3:57  SCV  
  40  3:59  Marine  
  40  4:00  Marine  
  43  4:06  Marine  
  43  4:07  SCV  
  43  4:09  SCV  
  46  4:11  Supply Depot  
  46  4:17  Marine x2  
  46  4:19  SCV  
  46  4:20  Engineering Bay x2  
  46  4:21  SCV  
  50  4:24  Orbital Command  
  50  4:25  Marine  
  51  4:31  SCV  
  51  4:32  Factory Reactor  
  51  4:35  Marine x2, SCV  
  55  4:39  Starport  
  55  4:42  Refinery x2  
  55  4:43  Marine, SCV  
  58  4:48  SCV  
  58  4:50  Terran Infantry Weapons Level 1, Terran Infantry Armor Level 1  
  58  4:53  Marine  
  58  4:54  SCV  
  58  4:55  Supply Depot, SCV  
  58  4:57  Supply Depot  
  61  5:00  SCV  
  61  5:01  Marine  
  61  5:02  Marine x2  
  61  5:06  SCV  
  66  5:07  SCV  
  66  5:19  SCV x2  
  66  5:20  SCV  
  69  5:30  Barracks  
  69  5:31  Marine, SCV x2, Factory Reactor  
  69  5:32  Marine, Barracks, SCV  
  69  5:33  Marine  
  69  5:34  Medivac x2  
  69  5:35  Marine  
  80  5:36  Marine  
  81  5:43  SCV  
  81  5:44  SCV x2  
  81  5:49  Marine  
  85  5:51  Combat Shields  
  85  5:53  Supply Depot x2  
  85  5:57  Bunker, Supply Depot  
  85  6:03  Armory  
  85  6:14  Marine x4  
  85  6:15  SCV x3  
  85  6:16  Supply Depot  
  90  6:20  Factory Tech Lab  
  90  6:21  Barracks Reactor, Marine  
  90  6:22  Barracks Reactor  
  91  6:27  SCV x2  
  91  6:32  Marine x4  
  96  6:35  Barracks  
  96  6:37  Barracks  
  96  6:39  Barracks  
  96  6:41  Marine  
  96  6:42  Supply Depot  
  96  6:43  Siege Tank  
  95  6:58  Marine x7, Marauder  
  95  6:59  Marine  
  100  7:04  Medivac x2  
  100  7:07  Factory  
  104  7:09  Refinery  
  104  7:14  Terran Infantry Weapons Level 2  
  104  7:15  Terran Infantry Armor Level 2  
  104  7:16  Marine x3  
  104  7:18  Terran Vehicle Weapons Level 1  
  104  7:22  Marauder  
  109  7:28  Marine x3  
  109  7:29  Marine x3  
  115  7:30  Barracks Tech Lab  
  115  7:31  Marine, Barracks Tech Lab  
  115  7:34  Marine x3  
  115  7:36  Medivac  
  121  7:43  Siege Tank  
  124  7:46  Marine  
  125  7:56  Supply Depot, Marine x8, Factory Tech Lab  
  133  8:03  Supply Depot x2  
  133  8:13  Concussive Shells  
  133  8:18  Marine x6, Marauder  
  141  8:24  Marine x4  
  141  8:25  Marauder x2, Medivac, Siege Tank  
  154  8:27  Supply Depot  
  154  8:28  Supply Depot  
  154  8:31  Supply Depot  
  154  8:34  Supply Depot  
  154  8:35  Marine x6  
  154  8:39  Marine  
  161  8:42  Marine x3  
  161  8:46  Marine  
  165  8:49  Marauder x2  
  165  8:54  Marine x2  
  165  8:55  Siege Tank  
  174  8:57  Medivac  
  164  9:10  Marauder  
  164  9:12  Marine x2  
  164  9:13  Marine x8  
  174  9:21  Command Center  
  174  9:24  Marine, Marauder  
  174  9:30  Marine x2  
  179  9:31  Marauder  
  179  9:32  Marine  
  182  9:42  Marauder  
  181  10:09  Marauder  
  175  10:15  Marine x2, Marauder  
  175  10:16  Marine x9  
  141  10:22  Widow Mine  
  141  10:23  Medivac  
  136  10:30  Marine  
  136  10:33  Marine x5  
  136  10:34  Marauder  
  137  10:37  Marauder  
  132  10:48  Marauder  
  122  10:51  Marine  
  122  10:56  Marauder  
  123  10:58  Marauder  
  123  11:02  Marine x2  
  127  11:04  SCV x2  
  127  11:10  Marauder  
  121  11:13  Thor  
  121  11:17  Marauder  
  129  11:20  Medivac x2, Marauder  
  135  11:26  Marine  
  135  11:31  Marauder  
  138  11:38  Marauder  
  138  11:47  Marauder, Thor  
  138  11:53  Marauder  
  127  11:56  Thor  
  127  11:57  Medivac x2  
  127  12:00  Marauder  
  138  12:08  Marine, Marauder  
  138  12:09  Marine x2  
  141  12:40  Marauder, Thor  
  141  12:41  Supply Depot x4  
  141  12:43  Supply Depot  
  149  13:02  Marine x9, Medivac x2, Marauder  
  149  13:03  Marine x2, Marauder  
  143  13:20  Marine x5  
Tags
 
Add a new tag
Caveats
  • Supply blocks, unpowered buildings, or Contaminate may cause inaccurate times.
  • Supply counts are checked every 10 seconds.